 Dungeon Crawl Stone Soup version 0.29-a0-721-g7f417c9bbb (webtiles) character file.

Game seed: 5320819384047569722

3822 crusatyr the Slicer (level 10, -7/77 HPs)
             Began as a Hill Orc Monk on June 27, 2022.
             Was an Elder of Okawaru.
             Mangled by a gnoll sergeant
             ... wielding a +2 spear of distortion
              (12 damage)
             ... on level 9 of the Dungeon.
             The game lasted 00:17:26 (11741 turns).

crusatyr the Slicer (Hill Orc Monk)                Turns: 11741, Time: 00:17:27

Health: -7/77      AC: 15    Str: 22    XL:     10   Next: 17%
Magic:  0/16       EV:  7    Int: 12    God:    Okawaru [****..]
Gold:   151        SH:  0    Dex: 13    Spells: 9/9 levels left

rFire   . . .      SeeInvis .   u - +12 dagger of Defence by Offence {vorpal, rElec Int+2}
rCold   . . .      Faith    .   (no shield)
rNeg    . . .      Spirit   +   s - +0 plate armour
rPois   .          Reflect  .   (no helmet)
rElec   +          Harm     .   (no cloak)
rCorr   +          Rampage  .   B - +2 pair of gloves {Str+3}
Will    .....                   (no boots)
Stlth   ..........              b - amulet of guardian spirit
HPRegen 0.22/turn               r - ring of resist corrosion
MPRegen 0.15/turn               (no ring)

@: weak-willed
A: no striking features
a: Renounce Religion, Heroism, Finesse


You were on level 9 of the Dungeon.
You worshipped Okawaru.
Okawaru was greatly pleased with you.
You visited 1 branch of the dungeon, and saw 9 of its levels.

You collected 457 gold pieces.
You spent 306 gold pieces at shops.

Inventory:

Hand Weapons
 a - a +0 hand axe
 t - a +0 mace
 u - the +12 dagger of Defence by Offence (weapon) {vorpal, rElec Int+2}
   (You found it on level 3 of the Dungeon)

   It inflicts extra damage upon your enemies.
   Int:       It affects your intelligence (+2).
   rElec:     It insulates you from electricity.
 w - a +0 war axe
 J - a +6 morningstar
Missiles
 A - a throwing net (quivered)
Armour
 s - a +0 plate armour (worn)
 B - a +2 pair of gloves of strength (worn)
Jewellery
 b - an amulet of guardian spirit (around neck)
 m - a ring of wizardry
 r - a ring of resist corrosion (left hand)
 v - a ring of ice
Wands
 y - a wand of paralysis (15)
 D - a wand of flame (10)
 H - a wand of mindburst (8)
Scrolls
 d - a scroll of amnesia
 e - 4 scrolls of immolation
 i - 4 scrolls of identify
 q - 2 scrolls of noise
 C - 2 scrolls of vulnerability
Potions
 c - a potion of ambrosia
 f - a potion of flight {unknown}
 g - a potion of might
 j - a potion of cancellation
 k - 2 potions of curing
 l - a potion of attraction {unknown}
 n - 3 potions of resistance {unknown}
 o - a potion of mutation {unknown}
 p - a potion of magic {unknown}
 x - a potion of brilliance {unknown}
 z - a potion of berserk rage {unknown}
 E - 2 potions of heal wounds {unknown}


   Skills:
 - Level 3.6 Fighting
 - Level 10.0 Short Blades
 - Level 7.4(8.0) Axes
 * Level 3.6(5.4) Maces & Flails
 + Level 5.0 Armour
 - Level 2.4 Dodging
 - Level 1.5 Stealth
 * Level 8.9 Invocations


You had 9 spell levels left.
You didn't know any spells.
Your spell library contained the following spells:

 Spells                   Type           Power      Damage    Failure   Level
 Foxfire                  Conj/Fire      0%         2x1d4     100%        1
 Gell's Gravitas          Tloc           0%         N/A       100%        3
 Inner Flame              Hex/Fire       0%         N/A       100%        3
 Stone Arrow              Conj/Erth      0%         3d7       100%        3
 Teleport Other           Tloc           0%         N/A       100%        3
 Flame Wave               Conj/Fire      0%         2d4       100%        4
 Petrify                  Tmut/Erth      0%         N/A       100%        4
 Dispersal                Tloc           0%         N/A       100%        6
 Ignition                 Fire           0%         3d3       100%        8


Dungeon Overview and Level Annotations

Branches:
Dungeon (9/15)             Temple (0/1) D:5
   Lair: D:8-11         Orc: D:9-12

Altars:
Elyvilon
Okawaru
Uskayaw
Vehumet
The Shining One

Shops:
D:1 [   D:4 *   D:5 [   D:8 (

Annotations:
D:7 3 runed translucent doors, zhov's ghost, novice SpAM


Message History

A gnoll sergeant, 3 gnolls, an orc wizard and 4 orcs come into view.
The gnoll sergeant is wielding a +2 spear of distortion.
The gnoll sergeant shouts!
The gnoll shouts!
The orc wizard shouts!
The orc shouts! x4
The gnoll sergeant hits you from afar with a +2 spear of distortion.
* * * LOW HITPOINT WARNING * * *
Space warps horribly around you!
* * * LOW HITPOINT WARNING * * *
The orc wizard casts a spell.
The orc wizard flickers and vanishes!
Deactivating autopickup; reactivate with Ctrl-A.
The gnoll hits you but does no damage. x2
As you read the scroll of teleportation, it crumbles to dust.
You feel strangely unstable. The gnoll sergeant closely misses you.
The gnoll closely misses you. The gnoll hits you but does no damage.
It was a potion of cancellation.
You feel strangely stable.
Your magical effects are unravelling.
You feel magically purged.
You feel a little less mighty now. The gnoll barely misses you.
The gnoll sergeant hits you but does no damage.
You blink.
Okay, then.
You feel like a meek peon again.
Found a metallic pink potion and 21 gold pieces.
The kobold brigand shouts!
The kobold shouts! x3
Okay, then.
As you read the scroll labelled UPNOPNEIVE, it crumbles to dust.
Magic quickly surges around you.
It was a scroll of vulnerability.
The gnoll sergeant hits you but does no damage.
You blink.
It was a potion of curing.
You feel better.
The kobold shouts!
The gnoll sergeant closely misses you.
The kobold brigand shouts!
The gnoll sergeant hits you from afar with a +2 spear of distortion!
* * * LOW HITPOINT WARNING * * *
Space warps horribly around you!
You die...

#. . #. #.# .
#. . #.##.#K
K# #.+.#.#!#
#.#...K#
#.#...#...
#.#8...#
#..###+####...
#@.g..........
#.####.#+##..
#...gg.oo####
########..g.#
####o###
#....g.#
#......#
#.o.g..#
#.g.o..#


You could see a kobold brigand (weak-willed), a gnoll sergeant (weak-willed) and
2 kobolds.

Vanquished Creatures
  A wyvern (D:9)
  A water moccasin (D:8)
  5 black bears
  2 ice beasts
  2 orc warriors
  A sky beast (D:6)
  An ogre (D:6)
  A phantom (D:7)
  2 kobold brigands
  2 bullfrogs
  A necrophage (D:4)
  A gnoll sergeant (D:8)
  4 scorpions
  8 wights (D:7)
  Dowan (D:6)
  12 killer bees
  2 howler monkeys
  4 hounds
  A jelly (D:6)
  3 orc priests
  4 iguanas
  7 orc wizards
  10 gnolls
  3 adders
  2 white imps
  A worm (D:4)
  4 dart slugs
  23 orcs
  10 ball pythons
  5 bats
  5 endoplasms
  8 giant cockroaches
  8 goblins
  3 hobgoblins
  4 jackals (D:3)
  2 quokkas (D:1)
  3 frilled lizards
  16 kobolds
  10 rats
183 creatures vanquished.

Vanquished Creatures (others)
  A fungus (D:9)
  A plant (D:2)
2 creatures vanquished.

Grand Total: 185 creatures vanquished

Notes
Turn   | Place    | Note
-------+----------+-------------------------------------------
     0 | D:1      | crusatyr the Hill Orc Monk began the quest for the Orb.
     0 | D:1      | Reached XP level 1. HP: 19/19 MP: 1/1
   180 | D:1      | Reached XP level 2. HP: 12/26 MP: 2/2
   436 | D:1      | Found Efee's Antique Armour Shoppe.
   548 | D:1      | Reached skill level 5 in Axes
   944 | D:1      | Reached XP level 3. HP: 29/31 MP: 3/3
  1587 | D:2      | Found a radiant altar of Vehumet.
  2223 | D:2      | Reached XP level 4. HP: 38/39 MP: 4/4
  2367 | D:3      | Found a faded altar of an unknown god.
  2981 | D:3      | Found an iron altar of Okawaru.
  2990 | D:3      | Became a worshipper of Warmaster Okawaru
  2990 | D:3      | Reached * piety under Okawaru
  2990 | D:3      | Reached ** piety under Okawaru
  3368 | D:3      | Found a hide-covered altar of Uskayaw.
  3389 | D:3      | Identified the +12 dagger of Defence by Offence {vorpal,
                  | rElec Int+2}
  3509 | D:3      | Reached XP level 5. HP: 41/45 MP: 5/5
  4009 | D:4      | Reached skill level 2 in Short Blades
  4063 | D:4      | Found a glowing golden altar of the Shining One.
  4107 | D:4      | Reached skill level 3 in Short Blades
  4107 | D:4      | Reached XP level 6. HP: 41/51 MP: 6/6
  4346 | D:4      | Reached skill level 4 in Short Blades
  4608 | D:4      | Found Voahuah's Assorted Antiques.
  4611 | D:4      | Got the Volume of the Igneous Rocks
  4712 | D:1      | Bought a jewelled tower shield for 171 gold pieces
  4712 | D:1      | Identified the +3 tower shield of Rydiacw {Harm Drain
                  | +Blink Fly} (You bought it in a shop on level 1 of the
                  | Dungeon)
  4995 | D:5      | Entered Level 5 of the Dungeon
  5000 | D:5      | Reached skill level 5 in Short Blades
  5000 | D:5      | Reached XP level 7. HP: 49/57 MP: 7/7
  5093 | D:5      | Reached *** piety under Okawaru
  5201 | D:5      | Found Oleagyq's Antique Armour Shop.
  5467 | D:5      | Reached skill level 6 in Short Blades
  5902 | D:5      | Reached skill level 7 in Short Blades
  5902 | D:5      | Reached XP level 8. HP: 23/64 MP: 8/8
  6229 | D:5      | Found a staircase to the Ecumenical Temple.
  6530 | D:1      | Bought a pair of glowing gloves for 135 gold pieces
  6743 | D:6      | Reached skill level 8 in Short Blades
  6803 | D:6      | Noticed Dowan
  6823 | D:6      | Killed Dowan
  6823 | D:6      | Reached **** piety under Okawaru
  6838 | D:6      | Reached skill level 1 in Armour
  6838 | D:6      | Reached skill level 1 in Invocations
  6983 | D:6      | Reached skill level 9 in Short Blades
  7005 | D:6      | Got the Incunabulum of Flamy Dislocation
  7033 | D:6      | Reached XP level 9. HP: 61/70 MP: 10/12
  7864 | D:7      | Reached skill level 5 in Invocations
  8189 | D:7      | Noticed zhov's ghost (novice SpAM)
  8326 | D:7      | Identified the +8 falchion of Balance {protect, *Rage
                  | Str+7}
  8579 | D:7      | Reached skill level 10 in Short Blades
  9257 | D:7      | Found a runed translucent gate.
  9257 | D:7      | Found a runed translucent gate.
  9257 | D:7      | Found a runed translucent gate.
 10120 | D:8      | Reached skill level 1 in Maces & Flails
 10661 | D:8      | Reached XP level 10. HP: 72/75 MP: 16/16
 11369 | D:8      | Found Qecw's Weapon Shoppe.
 11640 | D:9      | Found a white marble altar of Elyvilon.
 11703 | D:9      | Reached skill level 5 in Armour
 11720 | D:9      | HP: 1/77 [gnoll sergeant/+2 spear of distortion (13)]
 11741 | D:9      | Mangled by a gnoll sergeant

Illustrated notes

Levels and vault maps discovered:
D:1:      tarquinn_simple_flora_water_d, layout_basic, serial_shops, shop,
          supply_closet_lemuel
D:2:      layout_loops_ring, serial_bayou, serial_bayou_crossing,
          serial_bayou_lagoon_b, serial_bayou_pond_b, serial_bayou_pond_d,
          basic_altar, eino_curves_04
D:3:      layout_basic, okawaru_altar_gauntlet_db,
          mainiacjoe_overflow_small_starburst,
          shapermc_ecumenical_altar_totnotflames
D:4:      layout_gridville, tso_metal_star, serial_shops, shop
D:5:      layout_basic, minmay_temple_entry_fiery, serial_glass,
          glass_columns_a, glass_columns_a, feat_on_display, serial_shops, shop,
          kennysheep_generic_room_16
D:6:      layout_loops_ring, uniq_duvessa
D:7:      layout_gridville, gammafunk_ghost_icy, grunt_ministairs_14,
          kennysheep_nondescript
D:8:      layout_loops_cross, serial_shops, nicolae_shop_bloodbath_and_beyond,
          nicolae_ossuary_entry_monument
D:9:      layout_roguey, mainiacjoe_overflow_six_doors_small,
          david_lair_generic, minivault_1, hangedman_decor_diamond_cutter,
          minmay_misc_feat_hallway

Skill      XL: |  1  2  3  4  5  6  7  8  9 10 |
---------------+-------------------------------+-----
Axes           | 5 6 7 |  7.4
Short Blades   | 3 5 7 9 10 | 10.0
Armour         | 2 4 5 |  5.0
Invocations    | 4 8 |  8.9
Maces & Flails | 2 3 |  3.6
Fighting       | |  3.6
Dodging        | |  2.4
Stealth        | |  1.5

Action                   |  1- 3 |  4- 6 |  7- 9 | 10-12 || total
-------------------------+-------+-------+-------+-------++-------
Melee: Hand axe          |   121 |    93 |       |       ||   214
       Punch             |     1 |     1 |     6 |     3 ||    11
       Dagger            |       |    67 |   287 |    64 ||   418
Invok: Heroism           |       |       |     4 |     2 ||     6
  Use: Scroll            |       |       |     9 |     4 ||    13
       Potion            |       |       |       |     3 ||     3
 Stab: Sleeping          |     4 |       |       |       ||     4
Armor: Robe              |    17 |       |       |       ||    17
       Ring mail         |    18 |    35 |    42 |       ||    95
       Scale mail        |       |       |    55 |     2 ||    57
       Plate armour      |       |       |       |    35 ||    35
Dodge: Dodged            |    82 |    66 |   148 |    27 ||   323

Table legend: (Time is in decaauts)
 A = Elapsed time spent in this place.
 B = Non-inter-level travel time spent in this place.
 C = Inter-level travel time spent in this place.
 D = Time resting spent in this place.
 E = Time spent auto-exploring this place.
 F = Levels seen in this place.
 G = Mean time per level.
                   A        B        C        D        E       F      G
               +--------+--------+--------+--------+--------+-----+--------+
         Total |  11635 |  10818 |    817 |   2163 |   7119 |   9 | 1292.8 |
       Dungeon |  11635 |  10818 |    817 |   2163 |   7119 |   9 | 1292.8 |
               +--------+--------+--------+--------+--------+-----+--------+

Top non-repeatable levels by time:
     D:7: 2237 daAuts
     D:1: 1622 daAuts
     D:3: 1578 daAuts
     D:8: 1476 daAuts
     D:5: 1461 daAuts
     D:6: 1126 daAuts
     D:4: 1040 daAuts
     D:2: 959 daAuts
     D:9: 132 daAuts
